Map: Blueshift LE

Players

tripeman

  • Race: Zerg Zerg
  • League: Gold
  • Spawn Location: 1:00

Mesrob - Winner!

  • Race: Terran Terran
  • League: Gold
  • Spawn Location: 7:00

VOD

Have the link to the VOD?

Description

Time

  • Played on: Jan. 11, 2019, 8:10 p.m.
  • Length: 13:44
Show
View Real Time Build Order
Export as new Build Order

tripeman Zerg 

Build Orders: Pool First 

Get SALT Encoding   

  12  0:01  Drone  
  13  0:08  Drone  
  14  0:16  Overlord  
  14  0:35  Spawning Pool  
  13  0:37  Drone  
  14  0:46  Drone x2  
  16  1:10  Hatchery  
  15  1:12  Drone  
  15  1:15  Drone  
  17  1:21  Drone  
  18  1:26  Extractor  
  18  1:27  Drone  
  18  1:35  Queen  
  20  1:42  Drone  
  20  1:46  Overlord  
  21  1:58  Drone  
  22  2:08  Drone  
  23  2:21  Roach Warren  
  22  2:30  Drone x3  
  25  2:46  Drone  
  25  2:47  Drone x2  
  28  2:52  Extractor  
  28  2:53  Queen  
  28  2:54  Queen  
  32  2:58  Drone  
  32  2:59  Drone x4  
  36  3:18  Overlord  
  36  3:19  Overlord  
  36  3:20  Overlord  
  36  3:30  Pneumatized Carapace  
  36  3:38  Drone x4, Evolution Chamber  
  36  3:39  Drone x2  
  41  3:46  Queen  
  43  3:56  Drone  
  43  3:57  Drone x2  
  43  4:00  Extractor  
  43  4:01  Extractor, Roach  
  46  4:06  Roach  
  48  4:12  Roach  
  48  4:16  Drone x3  
  53  4:23  Drone x3  
  56  4:25  Drone  
  56  4:29  Roach  
  59  4:31  Overlord  
  59  4:38  Lair  
  59  4:40  Zerg Missile Weapons Level 1  
  59  4:46  Overlord  
  59  4:55  Roach x4  
  59  4:58  Overlord x2  
  67  5:20  Roach x7  
  81  5:31  Roach  
  81  5:32  Roach x2  
  87  5:39  Hatchery, Roach  
  87  5:40  Roach  
  90  5:43  Overlord  
  90  5:51  Glial Reconstitution  
  90  6:09  Drone  
  90  6:10  Drone x5  
  86  6:34  Zerg Ground Armor Level 1, Spire  
  85  6:40  Drone x6  
  83  7:03  Overlord x3  
  83  7:05  Drone x4  
  87  7:16  Extractor  
  87  7:17  Extractor, Drone  
  87  7:18  Drone x9  
  95  7:38  Roach  
  95  7:39  Roach x5  
  101  8:01  Roach x7  
  115  8:19  Mutalisk  
  115  8:20  Mutalisk x2  
  115  8:22  Overlord x5  
  121  8:28  Zerg Missile Weapons Level 2  
  121  8:39  Mutalisk  
  121  8:40  Mutalisk x8  
  139  8:55  Infestation Pit  
  138  8:58  Hydralisk Den  
  138  9:00  Zerg Flyer Weapons Level 1  
  137  9:03  Zergling x2  
  137  9:04  Zergling x10  
  143  9:19  Zergling x2  
  143  9:20  Zergling x12  
  143  9:22  Metabolic Boost  
  150  9:31  Hydralisk x3  
  150  9:32  Hydralisk x2  
  160  10:01  Grooved Spines  
  160  10:02  Hydralisk  
  160  10:04  Overlord x4  
  160  10:05  Overlord  
  160  10:06  Overlord  
  162  10:08  Hatchery  
  161  10:25  Zergling x18  
  170  10:30  Hive  
  170  10:43  Zerg Ground Armor Level 2  
  170  10:49  Burrow  
  170  10:54  Zerg Flyer Armor Level 1  
  170  10:56  Hydralisk  
  170  10:57  Hydralisk x9  
  190  11:12  Muscular Augments  
  189  11:30  Hydralisk  
  189  11:31  Hydralisk x15  
  184  11:44  Hydralisk x2  
  184  11:45  Hydralisk x4  
  170  11:53  Hydralisk  
  170  11:54  Hydralisk  
  174  12:06  Zergling x2  
  174  12:07  Zergling x18  
  112  12:21  Zergling x2  
  112  12:22  Zergling x6  
  86  12:31  Zergling x4  
  86  12:32  Zergling x14  
  82  12:37  Hydralisk  
  81  12:48  Zergling x6  
  69  12:58  Drone  
  69  12:59  Zergling x2  
  69  13:00  Zergling x12  
  75  13:05  Zergling x2  
  75  13:11  Zergling x2  
  75  13:12  Zergling x4  
  72  13:21  Zergling x2  
  72  13:22  Zergling x8  
Show
View Real Time Build Order
Export as new Build Order

Mesrob Terran - Winner!

Build Orders: Mech 

Get SALT Encoding   

  12  0:00  SCV  
  13  0:12  SCV  
  14  0:17  Supply Depot  
  14  0:24  SCV  
  15  0:38  SCV  
  15  0:40  Barracks  
  16  0:49  Refinery  
  16  0:50  SCV  
  17  1:02  SCV  
  18  1:15  SCV  
  19  1:27  Orbital Command  
  19  1:36  Command Center  
  19  1:39  Marine  
  20  1:57  SCV, Bunker  
  21  2:10  Factory, SCV  
  22  2:22  SCV  
  23  2:32  Barracks Tech Lab  
  23  2:40  Supply Depot  
  23  2:48  SCV  
  23  2:49  Refinery  
  24  3:00  SCV  
  24  3:03  Supply Depot, Armory  
  25  3:06  Engineering Bay  
  25  3:11  Orbital Command  
  25  3:21  Siege Tank  
  25  3:22  Marine  
  29  3:28  Refinery  
  29  3:43  Supply Depot, Missile Turret  
  29  3:46  SCV  
  30  3:49  SCV  
  31  3:56  Siege Tank  
  31  4:00  SCV  
  35  4:05  SCV  
  35  4:07  Missile Turret  
  36  4:17  SCV  
  37  4:24  Supply Depot  
  37  4:27  SCV  
  37  4:28  Missile Turret, Siege Tank  
  41  4:32  SCV  
  41  4:37  Marine  
  43  4:39  SCV  
  44  4:48  Supply Depot  
  44  4:53  Command Center  
  44  5:00  Siege Tank  
  47  5:08  SCV  
  47  5:11  Supply Depot  
  47  5:12  SCV  
  49  5:16  Refinery  
  49  5:20  SCV  
  50  5:24  SCV  
  50  5:27  Factory  
  51  5:32  SCV, Terran Vehicle Weapons Level 1  
  52  5:35  Supply Depot  
  52  5:43  SCV  
  52  5:44  SCV  
  54  5:55  SCV  
  55  5:58  Supply Depot  
  55  5:59  Thor  
  61  6:12  Factory  
  61  6:14  Factory Reactor  
  61  6:22  Supply Depot  
  61  6:39  Sensor Tower  
  61  6:45  Supply Depot  
  61  6:49  Thor  
  64  7:11  Hellbat  
  64  7:12  Hellbat  
  64  7:13  Factory Tech Lab  
  68  7:15  Factory  
  68  7:26  Terran Vehicle And Ship Armor Level 1  
  67  8:07  Planetary Fortress  
  67  8:12  SCV  
  68  8:13  SCV  
  81  8:27  Hellbat x2  
  81  8:33  Factory Tech Lab  
  73  8:34  Thor x2  
  85  8:42  Supply Depot  
  85  9:06  Supply Depot, Thor  
  85  9:07  Hellbat x2  
  95  9:17  Marine, Thor  
  95  9:18  Hellbat  
  104  9:28  Hellbat x2  
  104  9:30  Supply Depot  
  108  9:32  Command Center  
  108  9:33  Sensor Tower  
  108  9:39  Sensor Tower, Thor  
  114  9:49  Thor  
  120  9:54  Supply Depot  
  120  10:03  Refinery  
  120  10:05  Supply Depot  
  120  10:08  SCV x3  
  123  10:16  Supply Depot  
  123  10:20  SCV x3  
  126  10:24  Thor x2  
  126  10:25  Hellbat x2  
  142  10:29  Refinery, Marine  
  142  10:32  Hellbat, SCV  
  146  10:35  SCV  
  146  10:37  SCV  
  146  10:41  Supply Depot  
  148  10:44  SCV  
  148  10:47  Hellbat x2, SCV  
  148  10:49  SCV  
  155  10:53  Thor  
  155  10:56  SCV  
  162  11:00  SCV  
  162  11:01  SCV  
  164  11:04  Supply Depot  
  164  11:05  Orbital Command, Command Center  
  164  11:06  Thor  
  164  11:08  SCV  
  171  11:12  SCV  
  171  11:13  SCV  
  173  11:21  SCV  
  174  11:28  Supply Depot  
  162  11:50  Thor x3  
  162  11:52  Hellbat x2  
  159  12:13  Hellbat x2  
  145  12:33  Thor x3  
  145  12:35  Hellbat x2  
  161  12:56  Hellbat x2, SCV x5  
  170  13:03  Refinery  
  170  13:16  Hellbat x2  
  170  13:17  Hellbat  
  182  13:26  Refinery  
Tags
 
Composition
Mech
League
GoldGold
Matchup
TvZ
Opening
Pool First
Replay Pack
sc2 replays
Spawn Locations
Cross Positions
Add a new tag
Caveats
  • Supply blocks, unpowered buildings, or Contaminate may cause inaccurate times.
  • Supply counts are checked every 10 seconds.